 Dungeon Crawl Stone Soup version 0.25-a0-665-ga69d64035b (webtiles) character file.

Game seed: 7874085240696439527, levelgen mode: deterministic

73 Astera the Shooter (level 4, 0/37 HPs)
             Began as a Centaur Hunter on Mar 25, 2020.
             Succumbed to a worker ant's poison
             ... on level 1 of the Dungeon on Mar 26, 2020.
             The game lasted 00:10:28 (1204 turns).

Astera the Shooter (Centaur Hunter)                 Turns: 1204, Time: 00:10:28

Health: 0/37       AC:  4    Str: 14    XL:     4   Next: 8%
Magic:  4/4        EV:  9    Int: 10    God:
Gold:   0          SH:  0    Dex: 11    Spells: 3/3 levels left

rFire    . . .     SeeInvis .   b - +0 short sword
rCold    . . .     Gourm    .   (no shield)
rNeg     . . .     Faith    .   c - +0 leather armour
rPois    .         Spirit   .   (no helmet)
rElec    .         Reflect  .   (no cloak)
rCorr    .         Harm     .   (no gloves)
MR       .....                  (no barding)
Stlth    +.........             (no amulet)
HPRegen  0.12/turn              (no ring)
MPRegen  0.09/turn              (no ring)

@: mighty, lethally poisoned (0 -> -8), very quick
A: large, hooves 3, deformed body, speed 2, tough skin 3
a: no special abilities


You were on level 1 of the Dungeon.
You were not hungry.

You visited 1 branch of the dungeon, and saw 2 of its levels.

Inventory:

Hand Weapons
 a - a +1 shortbow
 b - a +0 short sword (weapon)
Missiles
 d - 29 arrows
Armour
 c - a +0 leather armour (worn)
Jewellery
 i - a +3 ring of strength {unknown}
Scrolls
 h - 2 scrolls of immolation {unknown}
 j - a scroll of remove curse {unknown}
 k - a scroll of identify {unknown}
 l - a scroll of teleportation {unknown}
 m - a scroll of enchant weapon {unknown}
 n - 2 scrolls of fog {unknown}
Potions
 e - 2 potions of might
 o - a potion of curing {unknown}
Comestibles
 f - 3 rations
 g - 3 chunks of flesh


   Skills:
 + Level 2.7 Fighting
 + Level 1.4 Short Blades
 + Level 5.9 Bows
 + Level 1.2 Armour
 - Level 1.3 Dodging
 - Level 0.4 Stealth


You had 3 spell levels left.
You didn't know any spells.
Your spell library was empty.

Dungeon Overview and Level Annotations

Branches:
Dungeon (2/15)

Altars:


Innate Abilities, Weirdness & Mutations

You have hooves in place of feet.
Armour fits poorly on your strangely shaped body.
You cover ground very quickly.
You have extremely tough skin. (AC +3)


Message History

* * * LOW HITPOINT WARNING * * *
You feel sick.
* * * LOW HITPOINT WARNING * * *
You feel sick.
* * * LOW HITPOINT WARNING * * *
You feel sick.
* * * LOW HITPOINT WARNING * * *
You feel sick.
* * * LOW HITPOINT WARNING * * *
You feel sick.
There is a stone staircase leading up, spattered with blood here.
* * * LOW HITPOINT WARNING * * *
You feel sick.
You climb upwards.
* * * LOW HITPOINT WARNING * * *
You feel sick.
There is a stone staircase leading down here.
It was a potion of might.
You feel very mighty all of a sudden.
You die...

...# #####'##............##.#
.### ######.###......#######.#
## #...#............## #.# #
#...#.)....)......# #.# #
#.8.#.............# #.# #
#...'.............# #.# #
#...#.............# #.#
##########.............# #.#
##..............@......# #.#
.#.#####.............)## #.#
.........[...........## #.#
#######......##....#########.###
#######.##########.............#
.#......# ####....>.....#
......### ##.........# ##...##
#.........# #...# #.........#


There were no monsters in sight!

Vanquished Creatures
  3 gnolls (D:1)
  An adder (D:1)
  An ooze (D:1)
  A worm (D:1)
  4 giant cockroaches (D:1)
  4 goblins (D:1)
  A hobgoblin (D:1)
  2 jackals (D:1)
  3 bats
  2 frilled lizards (D:1)
  4 kobolds (D:1)
  5 rats
31 creatures vanquished.

Notes
Turn   | Place    | Note
-------+----------+-------------------------------------------
     0 | D:1      | Astera the Centaur Hunter began the quest for the Orb.
     0 | D:1      | Reached XP level 1. HP: 17/17 MP: 1/1
    83 | D:1      | Reached XP level 2. HP: 13/24 MP: 2/2
   218 | D:1      | Upgraded the game from 0.25-a0-663-gace7076f2c to
                  | 0.25-a0-665-ga69d64035b
   842 | D:1      | Reached skill level 1 in Short Blades
   842 | D:1      | Reached XP level 3. HP: 30/30 MP: 3/3
   906 | D:1      | Reached skill level 1 in Armour
  1025 | D:1      | Reached XP level 4. HP: 25/37 MP: 4/4
  1203 | D:1      | HP: 1/37 [poisoned by a worker ant]
  1204 | D:1      | Succumbed to a worker ant's poison

Levels and vault maps discovered:
D:1:      dpeg_arrival_rooms_b, layout_rooms
D:2:      layout_rooms, tgw_kikubaaqudgha

Skill      XL: |  1  2  3 |
---------------+----------+-----
Short Blades   | 1 |  1.4
Armour         | 1 |  1.2
Fighting       | |  2.7
Bows           | |  5.9
Dodging        | |  1.3
Stealth        | |  0.4

Action                   |  1- 3 |  4- 6 || total
-------------------------+-------+-------++-------
Melee: Short sword       |    30 |     8 ||    38
       Kick              |     6 |     1 ||     7
 Fire: Shortbow          |    70 |     5 ||    75
  Use: Potion            |       |     1 ||     1
Armor: Leather armour    |    27 |     2 ||    29
Dodge: Dodged            |    25 |     4 ||    29

Table legend:
 A = Non-vault XP
 B = Vault XP
 C = Vault XP percentage of total XP
 D = Non-vault monster count
 E = Vault monster count
 F = Vault count percentage of total count
                 A         B        C        D         E       F
            +---------+---------+-------+---------+---------+-------
      Total |     105 |       0 |   0.0 |      31 |       0 |   0.0
            +---------+---------+-------+---------+---------+-------
        D:1 |     102 |       0 |   0.0 |      29 |       0 |   0.0
        D:2 |       3 |       0 |   0.0 |       2 |       0 |   0.0
            +---------+---------+-------+---------+---------+-------
